 Dungeon Crawl Stone Soup version 0.30.0-29-ga12c61a403 (console) character file.

Game seed: 17524611289356822140

7 glootech the Sneak (level 2, 0/17 HPs)
             Began as a Kobold Brigand on June 25, 2023.
             Slain by an endoplasm (2 damage)
             ... on level 1 of the Dungeon.
             The game lasted 00:00:58 (137 turns).

glootech the Sneak (Kobold Brigand)                  Turns: 137, Time: 00:00:59

Health: 0/17       AC:  3    Str:  8    XL:     2   Next: 10%
Magic:  2/2        EV: 14    Int: 12    God:
Gold:   14         SH:  0    Dex: 16    Spells: 1/1 levels left

rFire   . . .        a - +2 dagger
rCold   . . .        (no shield)
rNeg    . . .        b - +0 robe
rPois   .            (no helmet)
rElec   .            c - +0 cloak
rCorr   .            (no gloves)
SInv    .            (no boots)
Will    .....        (no amulet)
Stlth   ++++         (no ring)
HPRegen 0.22/turn    (no ring)
MPRegen 0.08/turn

%: no passive effects
@: no status effects
A: small, no large weapons, nightstalker 3
a: no special abilities


You were on level 1 of the Dungeon.
You visited 1 branch of the dungeon, and saw 1 of its levels.

You collected 14 gold pieces.

Inventory:

Hand Weapons
 a - a +2 dagger (weapon)
Missiles
 e - 2 curare-tipped darts (quivered)
Armour
 b - a +0 robe (worn)
 c - a +0 cloak (worn)


   Skills:
 + Level 2.1 Fighting
 + Level 2.6 Short Blades
 + Level 2.3 Throwing
 + Level 1.2 Dodging
 + Level 5.9 Stealth


You had one spell level left.
You didn't know any spells.
Your spell library was empty.

Dungeon Overview and Level Annotations

Branches:
Dungeon (1/15)

Altars:


Innate Abilities, Weirdness & Mutations

You are small and have problems with some larger weapons.
You are completely attuned to the shadows.


Message History

The poisoned dart hits the endoplasm.
The endoplasm is poisoned.
A jackal comes into view.
You closely miss the jackal.
The jackal is severely wounded.
The jackal bites you.
* * * LOW HITPOINT WARNING * * *
The jackal closely misses you.
Throw: 2 darts (poison)
Press: ? - help, Q - select action, (/) - cycle Shift-Dir - straight line, f/p - jackal
Aim: a jackal (severely wounded, 55% to hit)
You throw a poisoned dart. The poisoned dart hits the jackal.
The jackal is poisoned.
The jackal is severely wounded.
The jackal barks!
You hear a shout!
The jackal bites you but does no damage.
You closely miss the jackal.
The jackal is severely wounded.
You kill the jackal!
Throw: dart (poison)
Press: ? - help, Q - select action, (/) - cycle Shift-Dir - straight line, f - endoplasm
Aim: an endoplasm (moderately wounded, poisoned, 86% to hit)
You throw a poisoned dart. The poisoned dart hits the endoplasm.
The endoplasm is moderately wounded.
The endoplasm freezes you.
You are frozen.
* * * LOW HITPOINT WARNING * * *
You see here 6 stones.
Throw: 3 darts (curare)
Press: ? - help, Q - select action Shift-Dir - straight line, f/p - endoplasm
Aim: an endoplasm (moderately wounded, poisoned, 86% to hit)
You throw a curare-tipped dart.
The curare-tipped dart hits the endoplasm.
The endoplasm is moderately wounded.
The endoplasm freezes you.
You are frozen.
* * * LOW HITPOINT WARNING * * *
The endoplasm attacks as you move away! The endoplasm closely misses you.
The endoplasm looks more healthy.
The endoplasm attacks as you move away! The endoplasm hits you.
You die...

##### #...# #...# ###.#
#.##### ##### #.....#
#...######. #.###.#
#.#........ #.# #.##
######.####....#
#.###).###....#...##.####
#.......##....###........
####.hKJ@............†...
#.#####...###########[
#.# #...# ..... #(# #...#
....⌠ #h# ##### ⌠....
#######(# .....
#....##(#### ..⌠..
#.(..(.(.... ....
#....##.#### ....⌠
#....##.# ..... ###.###.#
.(⌠..


You could see an endoplasm, a jackal and a kobold.

Vanquished Creatures
  A ball python (D:1)
  A giant cockroach (D:1)
  3 jackals (D:1)
  A bat (D:1)
6 creatures vanquished.

Notes
Turn   | Place    | Note
-------+----------+-------------------------------------------
     0 | D:1      | glootech the Kobold Brigand began the quest for the Orb.
     0 | D:1      | Reached XP level 1. HP: 12/12 MP: 1/1
   124 | D:1      | Reached XP level 2. HP: 6/17 MP: 2/2
   137 | D:1      | Slain by an endoplasm

Illustrated notes

Levels and vault maps discovered:
D:1:      dpeg_arrival_lava_temple_mockup, layout_rooms

Action                     || total
---------------------------++-------
  Melee: Dagger            ||    10
  Throw: Dart              ||    10
   Stab: Sleeping          ||     2
 Armour: Robe              ||     4
  Dodge: Dodged            ||    21
